 Dungeon Crawl Stone Soup version 0.30-a0-726-gd89dcf765f (webtiles) character file.

Game seed: 13098082316564834533

59 garrulousMonolith the Slasher (level 4, 0/43 (57) HPs)
             Began as a Gnoll Reaver on Jan 30, 2023.
             Slain by a hobgoblin
             ... wielding a +0 spear
             ... led by Robin
              (3 damage)
             ... on level 2 of the Dungeon.
             The game lasted 00:01:43 (1482 turns).

garrulousMonolith the Slasher (Gnoll Reaver)        Turns: 1482, Time: 00:01:43

HP:   0/43 (57)     AC: 22    Str: 12    XL:     4   Next: 3%
MP:   10/11         EV:  2    Int: 14    God:
Gold: 96            SH:  0    Dex: 10    Spells: 10/13 levels left

rFire   . . .      SeeInvis .    a - +0 falchion
rCold   . . .      Faith    .    (no shield)
rNeg    . . .      Spirit   .    (body armour currently unavailable)
rPois   +          Reflect  .    (helmet currently unavailable)
rElec   .          Harm     .    (cloak currently unavailable)
rCorr   .          Rampage  .    (gloves currently unavailable)
Will    .....      NoTele   +    (boots currently unavailable)
Stlth   +                        (no amulet)
HPRegen 0.27/turn                (no ring)
MPRegen 0.12/turn                (no ring)

@: tree-form (expiring), heavily drained
A: stationary, stasis, torment immunity, boosted hp, (fangs 1), strong nose,
distributed training
a: no special abilities


You were on level 2 of the Dungeon.
You were a tree.
You visited 1 branch of the dungeon, and saw 2 of its levels.

You collected 96 gold pieces.

Inventory:

Hand Weapons
 a - a +0 falchion (weapon)
Missiles
 e - 11 poisoned darts
Armour
 l - a +0 ring mail of cold resistance (melded)
Magical Staves
 f - a staff of earth
Scrolls
 c - a scroll of fog {unknown}
 d - a scroll of magic mapping {unknown}
 g - a scroll of immolation {unknown}
 h - 2 scrolls of identify {unknown}
 k - a scroll of amnesia {unknown}
 n - a scroll of vulnerability {unknown}
Potions
 b - a potion of mutation {unknown}
 i - 2 potions of degeneration {unknown}
 j - 2 potions of magic {unknown}
 m - a potion of resistance {unknown}
 o - a potion of lignification


   Skills:
 + Level 4.6 Fighting
 + Level 1.0 Short Blades
 + Level 6.6 Long Blades
 + Level 1.0 Axes
 + Level 1.0 Maces & Flails
 + Level 1.0 Polearms
 + Level 1.0 Staves
 + Level 1.0 Ranged Weapons
 + Level 1.0 Throwing
 + Level 1.0 Armour
 + Level 4.6 Dodging
 + Level 1.0 Stealth
 + Level 1.0 Shields
 + Level 1.0 Unarmed Combat
 + Level 5.0 Spellcasting
 + Level 5.4 Conjurations
 + Level 0.8 Hexes
 + Level 0.8 Summonings
 + Level 0.8 Necromancy
 + Level 0.8 Translocations
 + Level 0.8 Transmutations
 + Level 0.8 Fire Magic
 + Level 0.8 Ice Magic
 + Level 0.8 Air Magic
 + Level 0.8 Earth Magic
 + Level 0.8 Poison Magic
 + Level 1.1 Invocations
 + Level 1.0 Evocations


You had 10 spell levels left.
You knew the following spells:

 Your Spells              Type           Power      Damage    Failure   Level
a - Kiss of Death         Conj/Necr      48%        2d9       4%          1
b - Momentum Strike       Conj/Tloc      24%        3d8       8%          2

Your spell library contained the following spells:

 Spells                   Type           Power      Damage    Failure   Level
 Hailstorm                Conj/Ice       12%        3d5       14%         3


Dungeon Overview and Level Annotations

Branches:
Dungeon (2/15)

Altars:

Annotations:
D:2 1 runed translucent door, Crazy Yiuf, Robin


Innate Abilities, Weirdness & Mutations

You are a tree.
Your roots penetrate the ground, keeping you stationary.
You cannot be teleported.
You are immune to unholy pain and torment.
Your maximum health is greatly increased.
Your equipment is partially melded.
((You have very sharp teeth.))
Your uncanny sense of smell can sniff out nearby items.
Your experience applies equally to all skills.


Message History

Robin is heavily wounded.
The goblin no longer looks unusually strong.
The goblin hits you but does no damage. x2
The goblin hits you with a +0 dagger.
The hobgoblin hits you but does no damage.
Robin hits you but does no damage.
You hit Robin.
Robin is heavily wounded.
The goblin hits you but does no damage. x2
The goblin hits you with a +0 dagger.
The hobgoblin hits you from afar with a +0 spear!
* * * LOW HITPOINT WARNING * * *
Robin hits you but does no damage.
Casting: Kiss of Death (safe; 4% risk of failure)
Confirm with . or Enter, or press ? or * to list all spells.
You cannot redirect your momentum while unable to move.
Unknown command.
Casting: Momentum Strike (safe; 8% risk of failure)
Confirm with . or Enter, or press ? or * to list all spells.
You don't know that spell.
Sorry, you're not good enough to have a special ability.
Casting: Momentum Strike (safe; 8% risk of failure)
Confirm with . or Enter, or press ? or * to list all spells.
Aiming: Kiss of Death (safe; 4% risk of failure)
Press: ? - help, Shift-Dir - straight line, f - Robin
Aim: Robin, wielding a +0 whip, wearing a +0 animal skin and wearing a +0 helmet (heavily wounded, 100% to hit)
The negative energy hits Robin.
Robin is drained!
Robin is almost dead.
You feel drained.
The goblin hits you but does no damage. x2
The goblin barely misses you.
The hobgoblin hits you from afar with a +0 spear.
* * * LOW HITPOINT WARNING * * *
Robin roars a battlecry!
The goblins go into a battle-frenzy!
You barely miss Robin.
Robin is almost dead.
The goblin no longer looks unusually strong.
The goblin hits you but does no damage. x3; Robin hits you but does no damage.
The hobgoblin hits you from afar with a +0 spear.
You die...

#####.## #......
#......# #.#####
#.####.# ##'##
#......# ##...##
#..~~~.## ##.....##
##.~_~..## ##.......##
#.~~~...####....(....#
#..gg.g..(.+......†..'
###.#♣g.####.......###
#g##g## ##......#
#.#### ##.....# #g#
##...## #g# ##+## #)#
#g# #.. ∆ #..


You could see Robin (very drained), a hobgoblin (strong) and 3 goblins.

Vanquished Creatures
  2 adders (D:2)
  A worm (D:2)
  A dart slug (D:1)
  3 ball pythons (D:1)
  3 giant cockroaches (D:2)
  5 hobgoblins
  A quokka (D:1)
  A bat (D:1)
  A frilled lizard (D:1)
  10 goblins
  3 kobolds (D:1)
  4 rats (D:1)
35 creatures vanquished.

Notes
Turn   | Place    | Note
-------+----------+-------------------------------------------
     0 | D:1      | garrulousMonolith the Gnoll Reaver began the quest for the
                  | Orb.
     0 | D:1      | Reached XP level 1. HP: 20/20 MP: 6/6
   408 | D:1      | Reached XP level 2. HP: 23/26 MP: 7/7
  1000 | D:2      | Reached skill level 5 in Spellcasting
  1000 | D:2      | Reached XP level 3. HP: 24/31 MP: 7/9
  1003 | D:2      | Learned a level 2 spell: Momentum Strike
  1085 | D:2      | Reached skill level 1 in Invocations
  1203 | D:2      | Found a runed translucent door.
  1204 | D:2      | Noticed Crazy Yiuf
  1308 | D:2      | Reached skill level 1 in Short Blades
  1308 | D:2      | Reached skill level 1 in Axes
  1308 | D:2      | Reached skill level 1 in Maces & Flails
  1308 | D:2      | Reached skill level 1 in Polearms
  1308 | D:2      | Reached skill level 1 in Staves
  1308 | D:2      | Reached skill level 1 in Ranged Weapons
  1308 | D:2      | Reached skill level 1 in Throwing
  1308 | D:2      | Reached skill level 1 in Armour
  1308 | D:2      | Reached skill level 1 in Stealth
  1308 | D:2      | Reached skill level 1 in Shields
  1308 | D:2      | Reached skill level 1 in Unarmed Combat
  1308 | D:2      | Reached skill level 1 in Evocations
  1415 | D:2      | Found a faded altar of an unknown god.
  1452 | D:2      | Noticed Robin
  1455 | D:2      | Reached XP level 4. HP: 35/35 MP: 11/11
  1482 | D:2      | Slain by a hobgoblin

Illustrated notes

Levels and vault maps discovered:
D:1:      minmay_arrival_hallway, layout_loops_ring
D:2:      layout_loops_corners, hellmonk_ecumenical_altar_pennies_from_heaven,
          uniq_sigmund, uniq_robin, uniq_crazy_yiuf_cottage

Skill      XL: |  1  2  3 |
---------------+----------+-----
Spellcasting   | 5 |  5.0
Invocations    | 1 |  1.1
Short Blades   | 1 |  1.0
Axes           | 1 |  1.0
Maces & Flails | 1 |  1.0
Polearms       | 1 |  1.0
Staves         | 1 |  1.0
Ranged Weapons | 1 |  1.0
Throwing       | 1 |  1.0
Armour         | 1 |  1.0
Stealth        | 1 |  1.0
Shields        | 1 |  1.0
Unarmed Combat | 1 |  1.0
Evocations     | 1 |  1.0
Fighting       | |  4.6
Long Blades    | |  6.6
Dodging        | |  4.6
Conjurations   | |  5.4
Hexes          | |  0.8
Summonings     | |  0.8
Necromancy     | |  0.8
Translocations | |  0.8
Transmutations | |  0.8
Fire Magic     | |  0.8
Ice Magic      | |  0.8
Air Magic      | |  0.8
Earth Magic    | |  0.8
Poison Magic   | |  0.8

Action                     |  1- 3 |  4- 6 || total
---------------------------+-------+-------++-------
  Melee: Falchion          |   127 |    14 ||   141
         Bite              |    10 |       ||    10
         Punch             |     1 |       ||     1
   Cast: Kiss of Death     |     1 |     1 ||     2
    Use: Potion            |       |     1 ||     1
 Armour: Leather armour    |     9 |       ||     9
         Ring mail         |    18 |     4 ||    22
         Skin              |       |    34 ||    34
  Dodge: Dodged            |    62 |     5 ||    67

Table legend: (Time is in decaauts)
 A = Elapsed time spent in this place.
 B = Non-inter-level travel time spent in this place.
 C = Inter-level travel time spent in this place.
 D = Time resting spent in this place.
 E = Time spent auto-exploring this place.
 F = Levels seen in this place.
 G = Mean time per level.
                   A        B        C        D        E       F      G
               +--------+--------+--------+--------+--------+-----+--------+
         Total |   1479 |   1447 |     32 |    149 |    988 |   2 |  739.5 |
       Dungeon |   1479 |   1447 |     32 |    149 |    988 |   2 |  739.5 |
               +--------+--------+--------+--------+--------+-----+--------+

Top non-repeatable levels by time:
     D:1: 977 daAuts
     D:2: 502 daAuts
